 Seeded DCSS version 0.32-a0-961-gd60f5e5fc7 (webtiles) character file.

Game seed: 2024041704 (custom seed)

132 Orlauf the Poker (level 4, 0/35 HPs)
             Began as a Demonspawn Gladiator on Apr 17, 2024.
             Splashed by a jelly's acid (4 damage)
             ... on level 4 of the Dungeon.
             The game lasted 00:03:12 (2022 turns).

Orlauf the Poker (Demonspawn Gladiator)             Turns: 2022, Time: 00:03:14

Health: 0/35       AC: -5    Str: 17    XL:     4   Next: 92%
Magic:  4/4        EV: 10    Int:  8    God:
Gold:   119        SH:  0    Dex: 16    Spells: 3/3 levels left

rFire   . . .        a - +1 trident
rCold   . . .        (no shield)
rNeg    . . .        f - +0 ring mail
rPois   .            c - +0 helmet
rElec   .            (no cloak)
rCorr   .            (no gloves)
SInv    .            g - +0 pair of boots
Will    .....        (no amulet)
Stlth   ++           (no ring)
HPRegen 0.25/turn    (no ring)
MPRegen 0.09/turn

%: no passive effects
@: corroded
A: thin skeletal structure 1, spiny 2
a: no special abilities


You were on level 4 of the Dungeon.
You visited 1 branch of the dungeon, and saw 4 of its levels.

You collected 119 gold pieces.

Inventory:

Hand Weapons
 a - a +1 trident (weapon)
 b - a +1 heavy spear
Missiles
 d - 3 throwing nets (quivered)
 e - a javelin
 j - 8 poisoned darts
Armour
 c - a +0 helmet (worn)
 f - a +0 ring mail (worn)
 g - a +0 pair of boots (worn)
Wands
 k - a wand of acid (13)
Scrolls
 i - a scroll of immolation
 p - a scroll of revelation {unknown}
Potions
 h - a potion of mutation
 l - a potion of brilliance
 m - a potion of ambrosia {unknown}
 n - 4 potions of haste
 o - a potion of curing {unknown}


   Skills:
 + Level 3.3 Fighting
 * Level 4.4 Polearms
 - Level 1.7 Throwing
 - Level 2.6 Dodging


You had 3 spell levels left.
You didn't know any spells.
Your spell library contained the following spells:

 Spells                   Type           Power      Damage    Failure   Level
 Foxfire                  Conj/Fire      0%         2x1d4     63%         1
 Volatile Blastmotes      Fire/Tloc      0%         2d10      94%         3
 Fulminant Prism          Conj/Alch      0%         3d5       100%        4
 Iskenderun's Mystic Bla Conj/Tloc 0%             2d3        (+2d1     100%        4
 Plasma Beam              Fire/Air       0%         2x1d10    100%        6
 Starburst                Conj/Fire      0%         6d3       100%        6


Dungeon Overview and Level Annotations

Branches:
Dungeon (4/15)
 Temple: D:4-7

Altars:
Sif Muna

Shops:
D:2 *


Innate Abilities, Weirdness & Mutations

You have a somewhat thin skeletal structure. (Dex +2, Stealth+)
You are mostly covered in sharp spines.


Message History

You reach to attack!
The helpless dart slug fails to defend itself.
You puncture the dart slug!
You kill the dart slug!
No target in view!
No target in view!
No target in view!
No target in view!
You now have 119 gold pieces (gained 17).
A jelly comes into view.
The jelly quivers.
You hit the jelly. The acid corrodes you!
Your hands burn!
The jelly is lightly wounded.
The jelly is struck by your spines. The jelly hits you but does no damage.
You hit the jelly. The acid corrodes you!
Your hands burn!
The jelly is heavily wounded.
The jelly jiggles.
The jelly hits you. The acid corrodes you!
You are splashed with acid.
You hit the jelly but do no damage.
Your hands burn!
The jelly is heavily wounded.
The jelly hits you.
You are splashed with acid!
* * * LOW HITPOINT WARNING * * *
You are too injured to fight recklessly!
You are too injured to fight recklessly!
You are too injured to fight recklessly!
You are too injured to fight recklessly!
You are too injured to fight recklessly!
You are too injured to fight recklessly!
You are too injured to fight recklessly!
You are too injured to fight recklessly!
You are too injured to fight recklessly!
You are too injured to fight recklessly!
Okay, then.
You hit the jelly but do no damage. The acid corrodes you!
Your hands burn!
* * * LOW HITPOINT WARNING * * *
The jelly is heavily wounded.
The jelly hits you.
* * * LOW HITPOINT WARNING * * *
You are splashed with acid.
You die...

#.# .# #. #.###..#
#. #......## #.
#......... #[
#.#####.## #. #.#
#. #.# #
#.##.#####.#####
#.......@J...... #
#..###.###.$...#
.## #..# #... ...##
#<#######..###.####
.##
...................
.#
..#########.######
.# .## #.# . .# #.#
.# ########.#


You could see a jelly.

Vanquished Creatures
  A hound (D:3)
  An orc priest (D:3)
  An adder (D:3)
  A ribbon worm (D:3)
  3 dart slugs
  3 orcs (D:3)
  3 ball pythons (D:1)
  3 endoplasms
  2 giant cockroaches (D:3)
  3 goblins
  5 hobgoblins
  3 jackals (D:2)
  6 kobolds
  A quokka (D:1)
  5 bats
  A frilled lizard (D:1)
  6 rats
48 creatures vanquished.

Notes
Turn   | Place    | Note
-------+----------+-------------------------------------------
     0 | D:1      | Orlauf the Demonspawn Gladiator began the quest for the
                  | Orb.
     0 | D:1      | Reached XP level 1. HP: 16/16 MP: 1/1
    52 | D:1      | Reached skill level 3 in Polearms
   169 | D:1      | Gained mutation: You have a somewhat thin skeletal
                  | structure. (Dex +2, Stealth+) [demonic ancestry]
   169 | D:1      | Reached XP level 2. HP: 20/22 MP: 2/2
   283 | D:1      | Found a faded altar of an unknown god.
   536 | D:1      | Gained mutation: You are partially covered in sharp spines.
                  | [demonic ancestry]
   536 | D:1      | Reached XP level 3. HP: 28/28 MP: 3/3
   900 | D:2      | Found a shimmering blue altar of Sif Muna.
  1098 | D:2      | Found Vyorib's General Store.
  1458 | D:3      | Reached skill level 4 in Polearms
  1458 | D:3      | Gained mutation: You are mostly covered in sharp spines.
                  | [demonic ancestry]
  1458 | D:3      | Reached XP level 4. HP: 17/35 MP: 4/4
  2022 | D:4      | Splashed by a jelly's acid

Illustrated notes

Levels and vault maps discovered:
D:1:      mrwooster_arrival_statue_2, layout_rooms,
          shapermc_ecumenical_altar_acropolis
D:2:      layout_loops_ring, serial_shops, shop, basic_altar
D:3:      layout_rooms
D:4:      layout_loops_ring, elyvilon_altar_3, serial_glass, glass_columns_a,
          glass_columns_b, glass_columns_b, glass_columns_a

Skill      XL: |  1  2  3 |
---------------+----------+-----
Polearms       | 3 4 |  4.4
Fighting       | 3 |  3.3
Throwing       | |  1.7
Dodging        | |  2.6

Action                     |  1- 3 |  4- 6 || total
---------------------------+-------+-------++-------
  Melee: Trident           |    95 |    19 ||   114
         Spear             |       |     1 ||     1
    Use: Scroll            |     7 |     1 ||     8
   Stab: Sleeping          |     5 |     1 ||     6
 Armour: Ring mail         |    47 |     9 ||    56
         Leather armour    |     2 |       ||     2
  Dodge: Dodged            |    45 |     4 ||    49

Table legend: (Time is in decaauts)
 A = Elapsed time spent in this place.
 B = Non-inter-level travel time spent in this place.
 C = Inter-level travel time spent in this place.
 D = Time resting spent in this place.
 E = Time spent auto-exploring this place.
 F = Levels seen in this place.
 G = Mean time per level.
                   A        B        C        D        E       F      G
               +--------+--------+--------+--------+--------+-----+--------+
         Total |   2033 |   1961 |     72 |    326 |   1199 |   4 |  508.2 |
       Dungeon |   2033 |   1961 |     72 |    326 |   1199 |   4 |  508.2 |
               +--------+--------+--------+--------+--------+-----+--------+

Top non-repeatable levels by time:
     D:1: 724 daAuts
     D:3: 673 daAuts
     D:2: 565 daAuts
     D:4: 70 daAuts
